 Dungeon Crawl Stone Soup version 0.25-a0-464-g3004169 (webtiles) character file.

Game seed: 713328833900032311, levelgen mode: deterministic

56 15 the Firebug (level 3, 0/19 HPs)
             Began as a Tengu Fire Elementalist on Feb 3, 2020.
             Slain by Sigmund
             ... wielding a cursed -3 scythe
              (12 damage)
             ... on level 2 of the Dungeon.
             The game lasted 00:06:47 (2007 turns).

15 the Firebug (Tengu Fire Elementalist)            Turns: 2007, Time: 00:06:48

Health: 0/19       AC:  2    Str:  9    XL:     3   Next: 95%
Magic:  5/7        EV: 13    Int: 15    God:
Gold:   86         SH:  0    Dex: 14    Spells: 2/6 levels left

rFire    + . .     SeeInvis .   l - staff of fire
rCold    . . .     Gourm    .   (no shield)
rNeg     . . .     Faith    .   a - +0 robe
rPois    .         Spirit   .   (helmet restricted)
rElec    .         Reflect  .   (no cloak)
rCorr    .         Harm     .   (no gloves)
MR       .....                  (boots unavailable)
Stlth    ++........             (no amulet)
HPRegen  0.06/turn              (no ring)
MPRegen  0.10/turn              (no ring)

@: no status effects
A: beak, talons 3
a: no special abilities


You were on level 2 of the Dungeon.
You were not hungry.

You visited 1 branch of the dungeon, and saw 2 of its levels.

You collected 86 gold pieces.

Inventory:

Hand Weapons
 e - a +0 club
 h - a +0 dagger
Missiles
 f - an atropa-tipped dart (quivered)
Armour
 a - a +0 robe (worn)
Magical Staves
 l - an uncursed staff of fire (weapon)
Scrolls
 b - a scroll of immolation
 d - 2 scrolls of identify
 g - a scroll of remove curse
 m - a scroll of fog {unknown}
Potions
 k - a potion of agility
Comestibles
 c - 4 rations
 i - 3 chunks of flesh


   Skills:
 + Level 0.1 Fighting
 * Level 1.0 Armour
 * Level 2.5 Dodging
 + Level 2.1 Stealth
 + Level 2.2 Spellcasting
 * Level 2.5 Conjurations
 + Level 4.0 Fire Magic
 * Level 0.1 Evocations


You had 2 spell levels left.
You knew the following spells:

 Your Spells              Type           Power        Failure   Level  Hunger
a - Foxfire               Conj/Fire      ###.         5%          1    #......
b - Conjure Flame         Conj/Fire      ###.....     17%         3    ###....

Your spell library contained the following spells:

 Spells                   Type           Power        Failure   Level  Hunger
 Inner Flame              Hex/Fire       ##......     28%         3    ###....
 Sticky Flame             Conj/Fire      ###.....     50%         4    #####..
 Fireball                 Conj/Fire      ###.......   83%         5    ######.


Dungeon Overview and Level Annotations

Branches:
Dungeon (2/15)

Altars:

Annotations:
D:2 Sigmund


Innate Abilities, Weirdness & Mutations

You have a beak for a mouth.
You have claws for feet.


Message History

You barely miss Sigmund. Your kick misses Sigmund.
Sigmund is heavily wounded.
You hit Sigmund.
Sigmund is heavily wounded.
Sigmund barely misses you.
l - an uncursed staff of fire (weapon)
Throwing (i - inventory)
f - 3 atropa-tipped darts (quivered)
Press: ? - help, Shift-Dir - straight line, f/p - Sigmund
Aim: Sigmund, wielding a -3 scythe and wearing a +0 robe (heavily wounded, chance to blind on hit: 80%)
You throw an atropa-tipped dart.
The atropa-tipped dart closely misses Sigmund.
Sigmund hits you with a cursed -3 scythe!
Throwing (i - inventory)
f - 2 atropa-tipped darts (quivered)
Press: ? - help, Shift-Dir - straight line, f/p - Sigmund
Aim: Sigmund, wielding a -3 scythe and wearing a +0 robe (heavily wounded, chance to blind on hit: 80%)
You throw an atropa-tipped dart.
The atropa-tipped dart barely misses Sigmund.
Sigmund hits you with a cursed -3 scythe!
Ouch! That really hurt!
You die...

....##.........#
....##.##'##'###
....##........##########
..............##........
+###..........##........
#..........##..%.....
............'.........
######.......##........
#####..###@....... #.>#
#.@...... #### #....(...
####(#### .# #


You could see Sigmund.

Vanquished Creatures
  2 adders (D:2)
  A worm (D:2)
  4 giant cockroaches
  8 goblins
  5 hobgoblins
  A ball python (D:1)
  A bat (D:1)
  3 frilled lizards
  4 kobolds (D:1)
  3 rats
32 creatures vanquished.

Vanquished Creatures (others)
  84 foxfires
84 creatures vanquished.

Grand Total: 116 creatures vanquished

Notes
Turn   | Place    | Note
-------+----------+-------------------------------------------
     0 | D:1      | 15 the Tengu Fire Elementalist began the quest for the Orb.
     0 | D:1      | Reached XP level 1. HP: 10/10 MP: 4/4
   525 | D:1      | Reached XP level 2. HP: 15/15 MP: 1/6
  1608 | D:2      | Reached XP level 3. HP: 19/19 MP: 3/7
  1629 | D:2      | Reached skill level 1 in Armour
  1704 | D:2      | Learned a level 3 spell: Conjure Flame
  1766 | D:2      | Reached skill level 4 in Fire Magic
  1821 | D:2      | Noticed Sigmund
  1823 | D:2      | Noticed an ogre
  2007 | D:2      | Slain by Sigmund

Levels and vault maps discovered:
D:1:      lemuel_arrival_room, layout_basic
D:2:      layout_basic, first_ration, uniq_sigmund

Skill      XL: |  1  2  3 |
---------------+----------+-----
Conjurations   | 2 |  2.5
Armour         | 1 |  1.0
Fire Magic     | 4 |  4.0
Fighting       | |  0.1
Dodging        | |  2.5
Stealth        | |  2.1
Spellcasting   | |  2.2
Evocations     | |  0.1

Action                   || total
-------------------------++-------
Melee: Unarmed           ||     7
       Peck              ||     4
       Dagger            ||    12
       Kick              ||     5
       Staff             ||     8
Throw: Dart              ||     3
 Cast: Foxfire           ||    54
  Use: Scroll            ||     3
       Potion            ||     1
  Eat: Chunk             ||     4
Armor: Robe              ||     9
Dodge: Dodged            ||    39

Table legend:
 A = Non-vault XP
 B = Vault XP
 C = Vault XP percentage of total XP
 D = Non-vault monster count
 E = Vault monster count
 F = Vault count percentage of total count
                 A         B        C        D         E       F
            +---------+---------+-------+---------+---------+-------
      Total |      80 |       0 |   0.0 |      32 |       0 |   0.0
            +---------+---------+-------+---------+---------+-------
        D:1 |      20 |       0 |   0.0 |      13 |       0 |   0.0
        D:2 |      60 |       0 |   0.0 |      19 |       0 |   0.0
            +---------+---------+-------+---------+---------+-------
